 Dungeon Crawl Stone Soup version 0.29-a0-817-g9904bce7a6 (webtiles) character file.

Game seed: 4765160309346193236

30 pyrow613 the Covered (level 2, 25/26 HPs)
             Began as a Demigod Fighter on June 29, 2022.
             Got out of the dungeon alive.
             The game lasted 00:01:35 (834 turns).

pyrow613 the Covered (Demigod Fighter)               Turns: 834, Time: 00:01:35

Health: 25/26      AC:  6    Str: 17    XL:     2   Next: 87%
Magic:  4/4        EV:  9    Int: 10    God:
Gold:   38         SH:  4    Dex: 13    Spells: 1/1 levels left

rFire   . . .      SeeInvis .   a - +0 war axe
rCold   . . .      Faith    .   c - +0 buckler
rNeg    . . .      Spirit   .   j - +0 scale mail
rPois   .          Reflect  .   (no helmet)
rElec   .          Harm     .   (no cloak)
rCorr   .          Rampage  .   (no gloves)
Will    .....                   (no boots)
Stlth   ..........              (no amulet)
HPRegen 0.08/turn               (no ring)
MPRegen 0.09/turn               (no ring)

@: no status effects
A: high MP 1, forlorn, divine attributes
a: no special abilities


You escaped.
You visited 1 branch of the dungeon, and saw 1 of its levels.

You collected 38 gold pieces.

Inventory:

Hand Weapons
 a - a +0 war axe (weapon)
 b - a +0 sling
Armour
 c - a +0 buckler (worn)
 j - a +0 scale mail (worn)
Scrolls
 e - 2 scrolls of teleportation {unknown}
 f - 2 scrolls of fog {unknown}
 g - 2 scrolls of identify {unknown}
 h - a scroll of fear {unknown}
 i - a scroll of vulnerability {unknown}
 m - a scroll of summoning {unknown}
Potions
 d - a potion of might
 k - a potion of mutation {unknown}
 l - a potion of curing {unknown}


   Skills:
 + Level 3.0 Fighting
 + Level 2.2 Axes
 + Level 3.0 Armour
 + Level 3.0 Shields


You had one spell level left.
You didn't know any spells.
Your spell library was empty.

Dungeon Overview and Level Annotations

Branches:
Dungeon (1/15)


Innate Abilities, Weirdness & Mutations

You have an increased reservoir of magic. (+10% MP)
You shall have no god before yourself.
Your divine heritage dramatically boosts your attributes as you level up.


Message History

The hobgoblin misses you.
The hobgoblin hits you but does no damage.
You closely miss the hobgoblin.
The hobgoblin is heavily wounded.
The hobgoblin hits you but does no damage.
You hit the hobgoblin.
The hobgoblin is almost dead.
The hobgoblin hits you but does no damage. x2
You barely miss the hobgoblin.
The hobgoblin is almost dead.
The hobgoblin closely misses you.
You completely miss the hobgoblin.
The hobgoblin is almost dead.
The hobgoblin hits you. x2
You barely miss the hobgoblin.
The hobgoblin is almost dead.
The hobgoblin hits you but does no damage.
You slash the hobgoblin!
You kill the hobgoblin!
No target in view!
Welcome back, pyrow613 the Demigod Fighter.
Press ? for a list of commands and other information.
You open the door.
There is an open door here.
There is an open door here.
The elf shouts!
The kobold shouts!
The demonspawn shouts!
The troll shouts!
The tengu shouts!
The felid hisses angrily.
The minotaur bellows!
The octopode shouts!
The formicid shouts!
The dwarf shouts!
The spriggan shouts!
The draconian roars!
The orc shouts!
The naga shouts!
There is an open door here.
There is a staircase leading out of the dungeon here.
Are you sure you want to leave the Dungeon?
This will make you lose the game!
You have escaped!

## .# .# .#
###############
#f#O#x#p#g#i#o####
###############..#
..............'.@#
###############..#
#p#H#.#B#.#d#N####
###############


There were no monsters in sight!

Vanquished Creatures
  2 dart slugs (D:1)
  A bat (D:1)
  An endoplasm (D:1)
  2 goblins (D:1)
  5 hobgoblins (D:1)
  4 jackals (D:1)
  A quokka (D:1)
  A ball python (D:1)
  3 frilled lizards (D:1)
  2 kobolds (D:1)
  A rat (D:1)
  A spectral goblin (D:1)
24 creatures vanquished.

Notes
Turn   | Place    | Note
-------+----------+-------------------------------------------
     0 | D:1      | pyrow613 the Demigod Fighter began the quest for the Orb.
     0 | D:1      | Reached XP level 1. HP: 18/18 MP: 3/3
     2 | D:1      | Noticed a naga
     4 | D:1      | Noticed a spriggan
     4 | D:1      | Noticed a draconian
     6 | D:1      | Noticed a dwarf
     8 | D:1      | Noticed a human
     8 | D:1      | Noticed a formicid
    10 | D:1      | Noticed an octopode
    12 | D:1      | Noticed an ogre
    12 | D:1      | Noticed a minotaur
    14 | D:1      | Noticed a vine stalker
    14 | D:1      | Noticed a demigod
    16 | D:1      | Noticed a tengu
    16 | D:1      | Noticed a felid
    18 | D:1      | Noticed a ghoul
    18 | D:1      | Noticed a troll
    20 | D:1      | Noticed a merfolk
    20 | D:1      | Noticed a demonspawn
    22 | D:1      | Noticed a vampire
    24 | D:1      | Noticed a gargoyle
    24 | D:1      | Noticed an elf
   308 | D:1      | Reached XP level 2. HP: 22/25 MP: 4/4
   787 | D:1      | Upgraded the game from 0.29-a0-732-g3d7fbe0af2 to
                  | 0.29-a0-817-g9904bce7a6
   834 | D:$      | Got out of the dungeon alive.

Illustrated notes

Levels and vault maps discovered:
D:1:      kb_arrival_jail, layout_basic,
          dreamdust_ecumenical_altar_drowned_temple, minmay_tall_x

Skill      XL: |  1  2 |
---------------+-------+-----
Axes           | 2 |  2.2
Armour         | 3 |  3.0
Fighting       | 3 |  3.0
Shields        | 3 |  3.0

Action                   || total
-------------------------++-------
Melee: War axe           ||    65
Armor: Scale mail        ||    29
Dodge: Dodged            ||    38
Block: Buckler           ||    11

Table legend: (Time is in decaauts)
 A = Elapsed time spent in this place.
 B = Non-inter-level travel time spent in this place.
 C = Inter-level travel time spent in this place.
 D = Time resting spent in this place.
 E = Time spent auto-exploring this place.
 F = Levels seen in this place.
 G = Mean time per level.
                   A        B        C        D        E       F      G
               +--------+--------+--------+--------+--------+-----+--------+
         Total |    867 |    819 |     48 |      0 |    649 |   1 |  867.0 |
       Dungeon |    867 |    819 |     48 |      0 |    649 |   1 |  867.0 |
               +--------+--------+--------+--------+--------+-----+--------+

Top non-repeatable levels by time:
     D:1: 867 daAuts
